 Dungeon Crawl Stone Soup version 0.20.0-15-g7f486f2 (webtiles) character file.

70499 Jannitor the Cleaver (level 15, -8/134 HPs)
             Began as a Formicid Fighter on June 11, 2017.
             Was the Champion of Makhleb.
             Mangled by an iron troll (22 damage)
             ... on level 1 of the Depths.
             The game lasted 00:31:39 (15272 turns).

Jannitor the Cleaver (Formicid Fighter)            Turns: 15272, Time: 00:31:40

Health: -8/134     AC: 33    Str: 37    XL:     15   Next: 78%
Magic:  0/34       EV: 11    Int:  8    God:    Makhleb [******]
Gold:   673        SH: 15    Dex: 13    Spells: 14/14 levels left

rFire    . . .     SeeInvis +   Z - +5 battleaxe (freeze)
rCold    + . .     Gourm    .   U - +0 shield {AC+3}
rNeg     . . .     Faith    .   Q - +9 chain mail of the Lion {rC+ MR- Str+4 SInv}
rPois    .         Spirit   +   (helmet unavailable)
rElec    .         Reflect  .   X - +0 cloak
rCorr    .         Harm     .   i - +1 pair of gloves
MR       +....     Clarity  +   P - +1 pair of boots "Ullauw" {Str+4}
Stlth    ..........             s - amulet of guardian spirit
Regen    0.4/turn               G - ring of magical power
MPRegen  0.3/turn               H - ring of protection from magic

@: mighty, very slightly contaminated, invisible
A: permanent stasis, dig shafts and tunnels, four strong arms, antennae 3, beak,
yellow scales 1, blurry vision 1, clarity, high mp 1, sense surroundings 1,
robust 1
a: Dig, Shaft Self, Minor Destruction, Lesser Servant of Makhleb, Major
Destruction, Greater Servant of Makhleb, Renounce Religion


You were on level 1 of the Depths.
You worshipped Makhleb.
Makhleb was exalted by your worship.
You were not hungry.

You visited 3 branches of the dungeon, and saw 17 of its levels.
You also visited: Ice Cave.

You collected 1170 gold pieces.
You spent 497 gold pieces at shops.

Inventory:

Hand Weapons
 c - a +3 battleaxe of holy wrath
 F - a +1 battleaxe
 Z - a +5 battleaxe of freezing (weapon)
Armour
 i - a +1 pair of gloves (worn)
 M - +0 acid dragon scales
 O - the +5 chain mail of the Imp {MR+ Str+2}
   (You found it on level 11 of the Dungeon)

   It affects your strength (+2).
   It affects your resistance to hostile enchantments.
 P - the +1 pair of boots "Ullauw" (worn) {Str+4}
   (You found it on level 7 of the Dungeon)

   It affects your strength (+4).
 Q - the +9 chain mail of the Lion (worn) {rC+ MR- Str+4 SInv}
   (You bought it in a shop on level 6 of the Dungeon)

   It affects your strength (+4).
   It protects you from cold.
   It affects your resistance to hostile enchantments.
   It lets you see invisible.
 U - a +0 shield of protection (worn)
 X - a +0 cloak (worn)
Jewellery
 a - an uncursed ring of flight
 l - an uncursed amulet of faith
 s - an amulet of guardian spirit (around neck)
 y - an uncursed ring of positive energy
 G - a ring of magical power (left hand)
 H - a ring of protection from magic (right hand)
 L - a cursed +3 amulet of reflection {unknown}
Wands
 b - a wand of iceblast (10/15)
 e - a wand of disintegration (10/24)
 k - a wand of disintegration (14/24)
 n - a wand of iceblast (7/15)
 K - a wand of iceblast (13/15)
 S - a wand of disintegration (10/24)
 T - a wand of enslavement (12/24)
Scrolls
 j - 7 scrolls of identify
 o - 3 scrolls of magic mapping
 p - 4 scrolls of enchant armour
 t - a scroll of recharging
 v - 11 scrolls of remove curse
 w - a scroll of amnesia
 A - 4 scrolls of enchant weapon
 E - 5 scrolls of fear
 R - a scroll of fog
 V - a scroll of immolation
Potions
 d - a potion of might
 h - 3 potions of agility
 q - 2 potions of brilliance
 r - 3 potions of flight
 x - 2 potions of cancellation
 z - a potion of mutation
 C - 6 potions of curing
 I - 3 potions of lignification
 J - a potion of ambrosia
 N - a potion of degeneration
 W - 2 potions of magic
Miscellaneous
 g - a lamp of fire
Comestibles
 f - 6 bread rations
 m - 5 royal jellies
 u - 6 meat rations
 D - 9 fruits
 Y - 2 chunks of flesh


   Skills:
 + Level 12.7 Fighting
 * Level 14.6 Axes
 + Level 13.0 Armour
 + Level 3.0 Dodging
 + Level 13.8 Shields
 + Level 11.3 Invocations


You had 14 spell levels left.
You didn't know any spells.

Dungeon Overview and Level Annotations

Branches:
Dungeon (15/15)            Temple (1/1) D:5            Lair (0/6) D:11
    Orc (0/2) D:12         Vaults (0/5) D:13         Depths (1/5) D:15

Altars:
Cheibriados
Dithmenos
Elyvilon
Fedhas
Hepliaklqana
Kikubaaqudgha
Makhleb
Nemelex Xobeh
Qazlal
Sif Muna
Trog
Vehumet
Xom
Yredelemnul
Zin
The Shining One

Shops:
D:4 !   D:5 ?   D:6 :%[%   D:7 %   D:9 ?

Portals:
Ziggurat: Depths:1
Trove: D:13 (give 2 scrolls of acquirement)


Innate Abilities, Weirdness & Mutations

You cannot be hasted, slowed, berserked, paralysed or teleported.
You can dig through walls and to a lower floor.
Your four strong arms can wield two-handed weapons with a shield.
You have a pair of large antennae on your head. (SInv)
You have a beak for a mouth.
You are partially covered in yellow scales. (AC +2)
Scrolls take you a little longer to read.
You possess an exceptional clarity of mind.
You have an increased reservoir of magic. (+10% MP)
You passively map a small area around you.
You are robust. (+10% HP)


Message History

Press: ? - help, v - describe, . - travel, g - get item
Here: an iron troll (lightly wounded, fast, unusually strong)
A +0 troll leather armour.
There is something else lying underneath.
The floor, spattered with blood.
Unknown command.
Unknown command.
Unknown command.
You fade into invisibility!
The iron troll bites you.
* * * LOW HITPOINT WARNING * * *
You block the iron troll's attack. The iron troll claws you!
* * * LOW HITPOINT WARNING * * *
You are very lightly contaminated with residual magic.
Unknown command.
You hit the iron troll but do no damage.
The iron troll is lightly wounded.
The iron troll bites you but does no damage.
The iron troll closely misses you. The iron troll claws you!!
You die...

#....##......
#....##..#...
##........##..
#......#..#...
#...T..#......
##......#......
#.....###......
####{.#####.......
#@#{### #...#...
##T## #####... ###
####


You could see an iron troll.

Vanquished Creatures
  Gastronok (D:8)
  Kirke (D:15)
  A tengu reaver (Depths:1)
  A fire giant (D:15)
  The ghost of timpak the Destroyer, a journeyman OgWz of Sif Muna (IceCv)
  Erolcha (D:13)
  4 vault guards (D:13)
  A hydra (D:13)
  An ogre mage (D:15)
  Fannar (D:12)
  2 centaur warriors
  The ghost of Beldrama the Grappler, a novice TrMo of the Shining One (D:8)
  Erica (D:9)
  17 two-headed ogres
  A tengu warrior (Depths:1)
  A deep troll shaman (Depths:1)
  Nergalle (D:10)
  An iron troll (Depths:1)
  8 skeletal warriors
  A deep troll (Depths:1)
  2 unseen horrors
  A deep elf mage (D:15)
  A manticore (shapeshifter) (D:15)
  23 ugly things
  2 manticores
  7 cyclopes
  Maurice (D:10)
  2 ice statues (IceCv)
  2 gargoyles
  6 centaur skeletons
  2 kobold demonologists
  2 efreet
  2 tengu conjurers (D:13)
  2 komodo dragons
  3 hornets
  3 trolls
  A snapping turtle (shapeshifter) (D:13)
  6 hippogriffs
  2 meliai zombies (D:13)
  Sigmund (D:4)
  2 shadows (D:15)
  4 yaks
  4 hogs (D:15)
  2 wraiths (D:13)
  A vampire (D:11)
  A basilisk (D:13)
  5 hungry ghosts
  2 steam dragons
  5 vampire mosquitoes (D:13)
  An acid dragon (D:15)
  A warg (shapeshifter) (D:10)
  A soldier ant (D:10)
  2 floating eyes (D:10)
  3 porcupines (D:11)
  7 orc warriors
  7 sky beasts
  A necrophage (D:10)
  2 black bears
  18 ice beasts
  3 phantoms
  A hornet zombie (D:15)
  5 eyes of draining
  9 ogres
  12 centaurs
  5 big kobolds
  A wyvern zombie (D:15)
  14 bullfrogs
  A gnoll sergeant (D:6)
  A water moccasin zombie (D:12)
  A wyvern skeleton (D:3)
  4 scorpions
  10 killer bees
  4 howler monkeys
  11 wights
  5 crimson imps
  3 jellies
  2 centaur zombies
  9 hounds
  5 bullfrog zombies
  4 bullfrog skeletons
  3 orc wizards
  10 orc priests
  Terence (D:3)
  4 iguanas
  8 worker ants
  A hound zombie (D:10)
  2 hound skeletons
  12 gnolls
  A howler monkey skeleton (D:6)
  15 adders
  A worker ant zombie (D:7)
  A shadow imp (D:10)
  An ooze (D:4)
  2 adder skeletons
  An adder zombie (D:6)
  4 dart slugs
  10 leopard geckos
  51 orcs
  4 bats
  7 giant cockroaches
  4 goblins
  4 hobgoblins
  8 jackals
  24 kobolds
  6 quokkas
  A ball python zombie (D:3)
  7 frilled lizards
  A quokka skeleton (D:5)
  2 quokka zombies
  6 rats
  3 fungi (D:11)
  A plant (D:11)
503 creatures vanquished.

Vanquished Creatures (collateral kills)
  A centaur warrior (D:13)
  A killer bee (D:12)
2 creatures vanquished.

Vanquished Creatures (others)
  A wizard (D:4)
  A withered plant (D:12)
2 creatures vanquished.

Grand Total: 507 creatures vanquished

Notes
Turn   | Place    | Note
-------+----------+-------------------------------------------
     0 | D:1      | Jannitor the Formicid Fighter began the quest for the Orb.
     0 | D:1      | Reached XP level 1. HP: 18/18 MP: 1/1
   161 | D:1      | Reached XP level 2. HP: 20/24 MP: 2/2
   541 | D:2      | Reached XP level 3. HP: 26/29 MP: 3/3
   672 | D:2      | Reached XP level 4. HP: 27/37 MP: 4/4
   900 | D:2      | Reached skill level 3 in Axes
   900 | D:2      | Reached XP level 5. HP: 26/42 MP: 5/5
  1450 | D:3      | Noticed Terence
  1456 | D:3      | Killed Terence
  1561 | D:3      | Reached XP level 6. HP: 33/49 MP: 3/6
  1768 | D:3      | Reached skill level 5 in Shields
  2453 | D:4      | Found Aduocau's Distillery.
  2470 | D:4      | Bought a potion of mutation for 112 gold pieces
  2470 | D:4      | Gained mutation: You are frail. (-10% HP) [potion of mutation]
  2470 | D:4      | Lost mutation: You are frail. (-10% HP) [potion of mutation]
  2470 | D:4      | Gained mutation: Your muscles are strong. (Str +2) [potion of mutation]
  2478 | D:4      | Noticed a phantom
  2514 | D:4      | Killed a phantom
  2514 | D:4      | Reached skill level 5 in Armour
  2514 | D:4      | Reached XP level 7. HP: 52/55 MP: 5/7
  2739 | D:4      | Found a bloodstained altar of Trog.
  2742 | D:4      | Noticed a wizard
  2746 | D:4      | Killed a wizard
  2813 | D:5      | Entered Level 5 of the Dungeon
  2819 | D:5      | Reached skill level 5 in Fighting
  2821 | D:5      | Noticed Sigmund
  2849 | D:4      | Killed Sigmund
  2849 | D:4      | Reached skill level 4 in Axes
  3030 | D:5      | Reached XP level 8. HP: 63/63 MP: 8/8
  3284 | D:5      | Reached skill level 5 in Axes
  3525 | D:5      | Found Heuch's Magic Scroll Boutique.
  3533 | D:5      | Bought a scroll of magic mapping for 45 gold pieces
  3622 | D:5      | Found a staircase to the Ecumenical Temple.
  3687 | Temple   | Entered the Ecumenical Temple
  3699 | Temple   | Became a worshipper of Makhleb the Destroyer
  4406 | D:6      | Found Cerr's Book Shoppe.
  4491 | D:6      | Gained mutation: You have an increased reservoir of magic. (+10% MP) [mutagenic meat]
  4498 | D:6      | Reached XP level 9. HP: 60/71 MP: 9/9
  4513 | D:6      | Gained mutation: You are partially covered in yellow scales. (AC +2) [mutagenic meat]
  4514 | D:6      | Gained mutation: You passively map a small area around you. [mutagenic meat]
  4515 | D:6      | Gained mutation: Scrolls take you a little longer to read. [mutagenic meat]
  4921 | D:6      | Found Lekothrou's Antique Armour Shoppe.
  4921 | D:6      | Found Leumem's Food Emporium.
  4961 | D:6      | Found Qyamnoemig's Food Shop.
  5168 | D:7      | Reached * piety under Makhleb
  5209 | D:7      | Reached skill level 6 in Axes
  5720 | D:7      | Noticed a hippogriff
  5725 | D:7      | Killed a hippogriff
  5741 | D:7      | Found Kioratem's Food Shoppe.
  6131 | D:7      | Got a pair of ichor-stained boots
  6137 | D:7      | Identified the +1 pair of boots "Ullauw" {Str+4} (You found it on level 7 of the Dungeon)
  6158 | D:7      | Reached XP level 10. HP: 80/80 MP: 11/11
  6310 | D:6      | Bought a scorched chain mail for 190 gold pieces
  6327 | D:6      | Identified the +9 chain mail of the Lion {rC+ MR- Str+4 SInv} (You bought it in a shop on level 6 of the Dungeon)
  6390 | D:8      | Noticed a two-headed ogre
  6403 | D:8      | Killed a two-headed ogre
  6403 | D:8      | Reached skill level 7 in Axes
  6583 | D:8      | Reached skill level 1 in Invocations
  6587 | D:8      | Reached ** piety under Makhleb
  6683 | D:8      | Noticed Gastronok
  6687 | D:8      | Noticed Beldrama's ghost (novice TrMo)
  6689 | D:8      | Noticed a two-headed ogre
  6695 | D:8      | Killed a two-headed ogre
  6699 | D:8      | Killed Gastronok
  6699 | D:8      | Reached skill level 8 in Axes
  6699 | D:8      | Reached XP level 11. HP: 45/89 MP: 11/15
  6707 | D:8      | You fall through a shaft for 3 floors!
  6714 | D:11     | HP: 6/133 [vampire (2)]
  6715 | D:11     | HP: 1/133 [vampire (5)]
  6719 | D:11     | Reached skill level 10 in Shields
  7045 | D:11     | Got a dazzling chain mail
  7056 | D:11     | Identified the +5 chain mail of the Imp {MR+ Str+2} (You found it on level 11 of the Dungeon)
  7076 | D:11     | Reached skill level 9 in Axes
  7093 | D:11     | Noticed a two-headed ogre
  7101 | D:11     | Killed a two-headed ogre
  7207 | D:10     | Entered Level 10 of the Dungeon
  7255 | D:10     | Noticed Maurice
  7294 | D:10     | Killed Maurice
  7501 | D:9      | Found Seiguagyta's Magic Scroll Boutique.
  7927 | D:9      | Reached *** piety under Makhleb
  8261 | D:9      | Noticed Erica
  8273 | D:9      | Killed Erica
  8273 | D:9      | Reached skill level 5 in Invocations
  8424 | D:8      | Lost mutation: Your muscles are strong. (Str +2) [mutagenic meat]
  8425 | D:8      | Gained mutation: You are robust. (+10% HP) [mutagenic meat]
  8427 | D:8      | Gained mutation: You have a beak for a mouth. [mutagenic meat]
  8428 | D:8      | Gained mutation: You possess an exceptional clarity of mind. [mutagenic meat]
  8477 | D:8      | Killed Beldrama's ghost
  8721 | D:6      | Bought a glowing shield for 150 gold pieces
  9212 | D:10     | Reached skill level 10 in Axes
  9212 | D:10     | Reached skill level 10 in Armour
  9214 | D:10     | Reached XP level 12. HP: 106/106 MP: 17/17
  9398 | D:10     | Reached **** piety under Makhleb
  9430 | D:10     | Reached skill level 10 in Fighting
  9500 | D:10     | Noticed Nergalle
  9513 | D:10     | Killed Nergalle
  9591 | D:10     | Noticed a two-headed ogre
  9600 | D:10     | Killed a two-headed ogre
 10416 | D:11     | Found a staircase to the Lair.
 10702 | D:12     | Noticed a sixfirhy
 10736 | D:12     | Reached skill level 11 in Axes
 10850 | D:12     | Noticed a two-headed ogre
 10855 | D:12     | Killed a two-headed ogre
 10901 | D:12     | Found an ancient bone altar of Kikubaaqudgha.
 10934 | D:12     | Noticed a skeletal warrior
 10935 | D:12     | Found a basalt altar of Yredelemnul.
 10935 | D:12     | Noticed a skeletal warrior
 10947 | D:12     | Noticed a two-headed ogre
 10948 | D:12     | Noticed a skeletal warrior
 10948 | D:12     | Killed a skeletal warrior
 10949 | D:12     | Noticed a skeletal warrior
 10950 | D:12     | Noticed a skeletal warrior
 10959 | D:12     | Killed a skeletal warrior
 10975 | D:12     | Killed a skeletal warrior
 10975 | D:12     | Reached XP level 13. HP: 78/114 MP: 17/20
 11267 | D:12     | Reached ***** piety under Makhleb
 11449 | D:12     | Noticed Fannar
 11452 | D:12     | Killed Fannar
 11452 | D:12     | Reached skill level 12 in Axes
 11672 | D:12     | Found a staircase to the Orcish Mines.
 11710 | D:13     | Noticed a centaur warrior
 11720 | D:13     | Killed a centaur warrior
 11753 | D:13     | Found a portal to a secret trove of treasure.
 11896 | D:13     | Found a frozen archway.
 11976 | IceCv    | Entered an ice cave
 11976 | IceCv    | Noticed timpak's ghost (journeyman OgWz)
 11999 | IceCv    | Killed timpak's ghost
 12071 | IceCv    | Found a transporter.
 12558 | D:13     | Reached XP level 14. HP: 117/124 MP: 21/22
 12740 | D:13     | Reached skill level 13 in Axes
 12969 | D:13     | Found a gate to the Vaults.
 12985 | D:13     | Noticed Erolcha
 12992 | D:13     | Killed Erolcha
 12998 | D:13     | Reached skill level 10 in Invocations
 13794 | D:15     | Entered Level 15 of the Dungeon
 13794 | D:15     | Found a staircase to the Depths.
 13794 | D:15     | Noticed a fire giant
 13980 | D:15     | Reached XP level 15. HP: 74/132 MP: 16/25
 14237 | D:15     | Reached ****** piety under Makhleb
 14276 | D:15     | Reached skill level 14 in Axes
 14304 | D:15     | Killed a fire giant
 14304 | D:15     | Reached skill level 1 in Dodging
 14563 | D:15     | Found a snail-covered altar of Cheibriados.
 14622 | D:15     | Noticed Kirke
 14634 | D:15     | Killed Kirke
 15089 | Depths:1 | Entered Level 1 of the Depths
 15106 | Depths:1 | Noticed a tengu reaver
 15130 | Depths:1 | Killed a tengu reaver
 15192 | Depths:1 | Found a gateway to a ziggurat.
 15272 | Depths:1 | Mangled by an iron troll

Skill      XL: |  1  2  3  4  5  6  7  8  9 10 11 12 13 14 15 |
---------------+----------------------------------------------+-----
Shields        | 4 5 6 7 8 9 10 11 12 13 | 13.8
Armour         | 4 5 6 8 9 10 11 12 13 | 13.0
Axes           | 3 4 5 6 8 10 11 12 13 14 | 14.6
Fighting       | 4 5 6 7 9 10 11 12 | 12.7
Invocations    | 3 5 7 9 10 11 | 11.3
Dodging        | 3 |  3.0

Action                   |  1- 3 |  4- 6 |  7- 9 | 10-12 | 13-15 || total
-------------------------+-------+-------+-------+-------+-------++-------
Melee: War axe           |    60 |   171 |   100 |       |       ||   331
       Battleaxe         |       |       |   262 |   549 |   723 ||  1534
       Peck              |       |       |       |    77 |   227 ||   304
Invok: Lesser Servant of |       |       |       |       |     5 ||     5
 Abil: Dig               |     1 |       |     2 |     2 |     7 ||    12
       Shaft Self        |       |       |       |     1 |       ||     1
Evoke: Wand              |       |       |       |     1 |       ||     1
  Use: Potion            |       |     1 |     1 |     8 |     4 ||    14
       Scroll            |       |       |       |     9 |    13 ||    22
 Stab: Distracted        |       |       |       |       |     1 ||     1
  Eat: Chunk             |       |     5 |    17 |    18 |    14 ||    54
       Bread ration      |       |       |     3 |     1 |       ||     4
       Royal jelly       |       |       |       |     1 |       ||     1
       Meat ration       |       |       |       |       |     2 ||     2
Armor: Scale mail        |    37 |    53 |       |       |       ||    90
       Chain mail        |       |    21 |   122 |   325 |   445 ||   913
       Plate armour      |       |       |    46 |     8 |       ||    54
       Skin              |       |       |       |    21 |       ||    21
Dodge: Dodged            |    15 |    47 |   128 |   190 |   234 ||   614
Block: Shield            |    34 |    90 |   238 |   423 |   535 ||  1320
